 Dungeon Crawl Stone Soup version 0.29-a0-271-gd4eb659eea (webtiles) character file.

Game seed: 16431727497487095014

63 Kissindre the Stinger (level 3, -3/26 HPs)
             Began as a Draconian Venom Mage on Mar 8, 2022.
             Was an Initiate of Ashenzari.
             Slain by a worm (5 damage)
             ... on level 2 of the Dungeon.
             The game lasted 00:42:27 (1812 turns).

Kissindre the Stinger (Draconian Venom Mage)        Turns: 1812, Time: 00:42:29

Health: -3/26      AC:  5    Str: 10    XL:     3   Next: 89%
Magic:  0/6        EV: 12    Int: 17    God:    Ashenzari [......]
Gold:   72         SH:  0    Dex: 11    Spells: 6/7 levels left

rFire   . . .      SeeInvis .   e - +0 hand axe
rCold   . . .      Faith    .   (no shield)
rNeg    . . .      Spirit   +   (body armour unavailable)
rPois   .          Reflect  .   (helmet restricted)
rElec   .          Harm     .   (no cloak)
rCorr   .          Rampage  .   (no gloves)
Will    +....                   (no boots)
Stlth   ++........              j - amulet of guardian spirit
HPRegen 0.08/turn               i - ring of the Fated Agnosticism {Will+, Elem, Range} (curse)
MPRegen 0.10/turn               (no ring)

@: no status effects
A: AC +5, unfitting armour, cold-blooded
a: Renounce Religion, Shatter the Chains


You were on level 2 of the Dungeon.
You worshipped Ashenzari.
Ashenzari was noncommittal.
You visited 1 branch of the dungeon, and saw 2 of its levels.

You collected 72 gold pieces.

Inventory:

Hand Weapons
 e - a +0 hand axe (weapon)
Missiles
 f - 2 poisoned darts
Magical Staves
 g - a staff of death
Jewellery
 i - the cursed ring of the Fated Agnosticism (left hand) {Will+, Elem, Range}
   (You found it on level 1 of the Dungeon)

   [ring of willpower]

   Will:      It increases your willpower.
   It has a curse which improves the following skills: Elements: Fire Magic, Ice
   Magic, Air Magic and Earth Magic.
   Ranged Combat: Slings, Bows, Crossbows and Throwing.
 j - an amulet of guardian spirit (around neck)
Scrolls
 b - a scroll of teleportation {unknown}
 c - 3 scrolls of identify {unknown}
 k - a scroll of magic mapping {unknown}
Potions
 a - a potion of magic
 d - a potion of might {unknown}
 h - a potion of attraction {unknown}
 l - a potion of brilliance {unknown}
 m - a potion of curing {unknown}


   Skills:
 + Level 0.8 Axes
 + Level 2.2 Dodging
 + Level 2.0 Stealth
 + Level 2.5 Spellcasting
 + Level 1.5 Transmutations
 + Level 3.6 Poison Magic


You had 6 spell levels left.
You knew the following spells:

 Your Spells              Type           Power      Damage    Failure   Level
a - Sting                 Tmut/Pois      40%        1d5       6%          1

Your spell library contained the following spells:

 Spells                   Type           Power      Damage    Failure   Level
 Poisonous Vapours        Pois/Air       16%        N/A       13%         2
 Mephitic Cloud           Conj/Pois/Air  6%         N/A       32%         3
 Olgreb's Toxic Radiance  Pois           14%        N/A       38%         4


Dungeon Overview and Level Annotations

Branches:
Dungeon (2/15)

Altars:
Ashenzari

Annotations:
D:2 Sigmund


Innate Abilities, Weirdness & Mutations

Your plain brown scales are hard. (AC +5)
You cannot fit into any form of body armour.
You are cold-blooded and may be slowed by cold attacks.


Message History

The worm closely misses you.
You barely miss the worm.
Your tail-slap misses the worm.
The worm is heavily wounded.
You barely miss the worm.
The worm is heavily wounded.
The worm closely misses you.
You hit the worm.
The worm is heavily wounded.
The worm bites you!
* * * LOW HITPOINT WARNING * * *
You hit the worm. Your punch misses the worm.
The worm is severely wounded.
The worm barely misses you.
You barely miss the worm.
The worm is severely wounded.
The worm completely misses you.
You hit the worm.
You tail-slap the worm, but do no damage.
You punch the worm.
The worm is almost dead.
You barely miss the worm.
The worm is almost dead.
The worm closely misses you.
You barely miss the worm.
The worm is severely wounded.
The worm bites you.
* * * LOW HITPOINT WARNING * * *
You hit the worm.
Your tail-slap misses the worm.
The worm is almost dead.
The worm bites you.
* * * LOW HITPOINT WARNING * * *
You hit the worm but do no damage.
The worm is almost dead.
You hit the worm.
The worm is almost dead.
The worm closely misses you.
You hit the worm but do no damage.
The worm is almost dead.
The worm bites you.
You die...

#.#.# ### #.#### #.#.# ..###.....
#.#.# #######.#....... ###.#.# #
### #.....#.#....... #<....# .#
.. .......#.......
.#..)..##.#.##. #....#####..
.............#.#######....#####.#
###).†>.....?.....<..............
#...###.#..#.#@†............#..
#...# .. ##w..###....##.# #####
... #...# #....# # ..# #...#
####.# .# #.>.# .# # #...# .#
#...# ....


You could see a worm.

Vanquished Creatures
  A gnoll (D:1)
  2 adders (D:2)
  3 bats
  4 endoplasms
  A giant cockroach (D:1)
  2 hobgoblins (D:1)
  3 jackals (D:1)
  A quokka (D:1)
  2 ball pythons (D:1)
  A frilled lizard (D:1)
  6 goblins
  4 kobolds
  4 rats
34 creatures vanquished.

Vanquished Creatures (others)
  A fungus (D:2)
  2 plants (D:2)
3 creatures vanquished.

Grand Total: 37 creatures vanquished

Notes
Turn   | Place    | Note
-------+----------+-------------------------------------------
     0 | D:1      | Kissindre the Draconian Venom Mage began the quest for the
                  | Orb.
     0 | D:1      | Reached XP level 1. HP: 14/14 MP: 3/3
   333 | D:1      | Reached XP level 2. HP: 20/20 MP: 3/5
  1108 | D:1      | Reached XP level 3. HP: 20/26 MP: 2/6
  1395 | D:2      | Noticed Sigmund
  1488 | D:2      | Found a faded altar of an unknown god.
  1518 | D:2      | Prayed at the altar of an unknown god.
  1518 | D:2      | Became a worshipper of Ashenzari the Shackled
  1626 | D:2      | Upgraded the game from 0.29-a0-270-g1586fc07ea to
                  | 0.29-a0-271-gd4eb659eea
  1812 | D:2      | Slain by a worm

Illustrated notes

Levels and vault maps discovered:
D:1:      lightli_molten_gateway, layout_basic
D:2:      layout_basic, dreamdust_ecumenical_altar_grove, uniq_sigmund

Skill      XL: |  1  2 |
---------------+-------+-----
Stealth        | 2 |  2.0
Dodging        | 2 |  2.2
Axes           | |  0.8
Spellcasting   | |  2.5
Transmutations | |  1.5
Poison Magic   | |  3.6

Action                   || total
-------------------------++-------
Melee: Hand axe          ||    74
       Tailslap          ||     8
       Punch             ||     1
 Cast: Sting             ||    35
Invok: Curse Item        ||     1
Armor: Skin              ||    26
Dodge: Dodged            ||    73

Table legend: (Time is in decaauts)
 A = Elapsed time spent in this place.
 B = Non-inter-level travel time spent in this place.
 C = Inter-level travel time spent in this place.
 D = Time resting spent in this place.
 E = Time spent auto-exploring this place.
 F = Levels seen in this place.
 G = Mean time per level.
                   A        B        C        D        E       F      G
               +--------+--------+--------+--------+--------+-----+--------+
         Total |   1834 |   1687 |    147 |    337 |    890 |   2 |  917.0 |
       Dungeon |   1834 |   1687 |    147 |    337 |    890 |   2 |  917.0 |
               +--------+--------+--------+--------+--------+-----+--------+

Top non-repeatable levels by time:
     D:1: 1558 daAuts
     D:2: 276 daAuts
